AoeStats
← fergekaia

Arabia

509886117Analyzed
1v1 RM · 5d ago on Sep 28, 2026· 13m 28s· 2 players
Game mode
Random Map
Map size
Tiny (2 player)
Population
200
Speed
Normal
Resources
Standard
Victory
Conquest
Starting age
Dark Age
Ending age
Imperial Age
RankedLock teamsTeams togetherTeam positionsShared explorationLock speedFull tech treeHidden civsTurbo modeCheats
Victory
Defeat
🇦🇷 Byzantines · Argentina
646
+13
🇳🇴 Huns · Norway
584
-13
fergekaia
11:51 Feudal Age
10:07 Loom
13:24 Wheelbarrow
12:37 Double-Bit Axe
13:36 Scale Barding Armor
Gustosin.94
6:55 Loom
9:50 Feudal Age
10:52 Double-Bit Axe
Connection lost

Rejoining the realm…

Still unreachable

The connection could not be restored.

Session expired

The server has moved on; the page needs a fresh start.